Map: Acropolis LE

Players

Parkkatz

  • Race: Zerg Zerg
  • League: Platinum
  • Spawn Location: 5:00

Dismay - Winner!

  • Race: Terran Terran
  • Spawn Location: 11:00

VOD

Have the link to the VOD?

Description

Time

  • Played on: June 30, 2019, 12:15 p.m.
  • Length: 13:24
Show
View Real Time Build Order
Export as new Build Order

Parkkatz Zerg 

Build Orders: Hatch First 

Get SALT Encoding   

  12  0:01  Drone  
  13  0:15  Overlord  
  13  0:16  Drone  
  14  0:33  Drone x2  
  16  0:37  Drone  
  17  0:55  Drone  
  18  0:58  Hatchery  
  18  1:00  Drone  
  18  1:13  Spawning Pool  
  18  1:15  Extractor  
  18  1:17  Drone  
  17  1:23  Drone  
  18  1:32  Drone  
  19  1:41  Overlord  
  19  2:01  Queen  
  19  2:03  Zergling x4  
  23  2:10  Queen  
  23  2:11  Zergling x2  
  26  2:18  Roach Warren  
  26  2:19  Extractor  
  23  2:41  Zergling x8  
  27  2:53  Drone x4  
  30  3:21  Drone x2  
  30  3:22  Drone  
  30  3:23  Drone  
  30  3:25  Drone  
  30  3:27  Overlord x2  
  35  3:28  Overlord  
  35  3:36  Metabolic Boost  
  35  3:38  Queen  
  35  3:45  Extractor  
  35  3:46  Drone x2  
  35  3:47  Queen  
  37  4:04  Drone x3  
  37  4:05  Drone x4  
  44  4:19  Overlord x2  
  44  4:32  Zergling x12  
  44  4:36  Baneling Nest  
  44  4:37  Roach  
  51  4:48  Roach x2  
  51  4:49  Roach  
  51  4:50  Roach  
  57  5:03  Roach x2  
  57  5:04  Roach x2  
  64  5:10  Roach x2  
  68  5:24  Overlord x2  
  68  5:25  Overlord  
  68  5:29  Baneling x5  
  67  5:47  Lair  
  66  5:52  Drone x2  
  66  5:53  Drone x5  
  66  5:54  Drone  
  74  6:01  Zergling x2  
  74  6:17  Roach x3  
  80  6:23  Hatchery, Roach x2  
  80  6:25  Roach  
  85  6:27  Drone  
  85  6:30  Overlord  
  86  6:34  Roach  
  86  6:36  Spore Crawler  
  87  6:44  Roach x2  
  87  6:45  Overlord  
  89  6:49  Roach  
  89  6:50  Roach  
  93  6:55  Roach x2  
  93  6:59  Overlord  
  97  7:04  Centrifical Hooks  
  97  7:06  Drone  
  98  7:10  Roach  
  101  7:15  Drone x2  
  101  7:16  Drone  
  101  7:18  Glial Reconstitution  
  103  7:26  Evolution Chamber  
  103  7:29  Roach x2, Evolution Chamber  
  105  7:36  Queen  
  107  7:39  Drone x3  
  111  7:44  Zergling x6  
  111  7:45  Zergling x2  
  113  8:05  Zerg Ground Armor Level 1, Zerg Missile Weapons Level 1  
  109  8:06  Drone  
  109  8:07  Drone x6  
  116  8:14  Roach  
  116  8:15  Roach x2  
  122  8:23  Spore Crawler, Drone  
  122  8:24  Overlord  
  122  8:25  Overlord  
  112  8:49  Roach x9  
  112  8:52  Zergling x2  
  112  8:53  Zergling x8  
  112  8:54  Zergling x2  
  135  8:59  Zergling x2  
  135  9:00  Zergling x4  
  136  9:05  Drone  
  136  9:11  Zergling x2  
  136  9:12  Zergling x2  
  138  9:19  Queen  
  131  9:25  Drone x2  
  131  9:26  Drone x6  
  102  9:46  Roach x2  
  102  9:47  Roach x4  
  102  9:49  Baneling  
  102  9:50  Baneling x6  
  102  9:51  Drone x2  
  102  9:52  Drone x2  
  116  9:55  Drone  
  116  9:56  Extractor  
  116  9:57  Extractor  
  97  10:12  Roach  
  97  10:13  Roach x6  
  89  10:17  Hydralisk Den  
  88  10:21  Drone  
  88  10:22  Drone  
  88  10:25  Roach  
  88  10:26  Roach x2  
  88  10:28  Extractor  
  91  10:39  Drone  
  91  10:40  Drone x8  
  91  10:42  Roach  
  98  10:45  Zergling x2  
  98  10:46  Zergling x2  
  100  11:00  Zerg Ground Armor Level 2, Zerg Missile Weapons Level 2  
  100  11:07  Ravager x7  
  100  11:10  Zergling x10  
  109  11:32  Zergling x4  
  110  11:33  Zergling x12  
  110  11:34  Zergling x6  
  110  11:35  Overlord x2  
  110  11:36  Overlord  
  119  11:45  Zergling x8  
  83  11:59  Zergling x2  
  83  12:00  Zergling x12  
  76  12:05  Zergling x6  
  76  12:07  Queen  
  66  12:15  Hatchery  
  58  12:20  Hatchery  
  58  12:28  Drone  
  58  12:29  Drone x3  
  48  12:45  Hydralisk  
Show
View Real Time Build Order
Export as new Build Order

Dismay Terran - Winner!

Build Orders: 2 Factory, Reaper Expand, Mech 

Get SALT Encoding   

  12  0:03  SCV  
  13  0:18  Supply Depot, SCV  
  14  0:30  SCV  
  15  0:42  Barracks, SCV  
  16  0:46  Refinery  
  16  0:56  Supply Depot  
  16  1:00  SCV  
  17  1:12  SCV  
  18  1:24  SCV  
  19  1:30  Reaper  
  20  1:39  Bunker  
  20  1:41  Orbital Command  
  20  2:04  Command Center  
  20  2:13  SCV  
  21  2:22  Factory  
  21  2:25  SCV  
  22  2:46  SCV  
  22  2:47  Marine  
  23  2:58  SCV  
  23  3:00  Refinery  
  23  3:06  Factory Reactor  
  23  3:07  Factory, Marine  
  23  3:10  SCV  
  25  3:18  Supply Depot, Orbital Command  
  25  3:22  SCV  
  25  3:25  Marine  
  27  3:34  SCV  
  27  3:38  Orbital Command  
  28  3:46  SCV  
  29  3:48  Marine  
  29  3:51  Hellion  
  29  3:52  Hellion  
  34  3:55  Factory Tech Lab  
  34  3:58  SCV  
  35  4:04  SCV  
  35  4:05  Supply Depot  
  36  4:10  SCV  
  36  4:13  Hellion  
  36  4:16  SCV  
  40  4:20  Hellion  
  40  4:22  SCV  
  43  4:28  Supply Depot, SCV  
  44  4:35  SCV  
  44  4:36  Siege Tank  
  48  4:40  SCV  
  48  4:43  Starport  
  49  4:47  SCV  
  49  4:48  Hellion x2  
  49  4:52  SCV  
  55  4:59  SCV  
  56  5:04  SCV  
  56  5:05  Infernal Pre-Igniter  
  57  5:08  Hellion  
  57  5:09  Hellion  
  57  5:11  SCV  
  62  5:16  SCV  
  63  5:21  Supply Depot  
  63  5:23  SCV  
  63  5:24  Starport Reactor  
  63  5:26  Engineering Bay  
  64  5:28  SCV  
  64  5:35  SCV  
  66  5:38  Hellion x2  
  70  5:43  SCV  
  71  5:50  Siege Tank  
  71  5:57  Supply Depot  
  74  6:10  SCV x2  
  74  6:16  Command Center  
  74  6:19  Hellion x2  
  74  6:20  Supply Depot  
  74  6:22  SCV x2  
  74  6:25  Supply Depot  
  80  6:26  Refinery  
  80  6:33  Supply Depot  
  80  6:34  SCV x2  
  80  6:39  Refinery, Siege Tank  
  85  6:49  Hellion x2  
  89  6:54  Factory  
  89  6:59  SCV x2  
  91  7:03  Supply Depot  
  91  7:04  Supply Depot  
  91  7:06  Supply Depot  
  91  7:10  Liberator  
  91  7:20  SCV x2  
  91  7:21  Siege Tank  
  103  7:37  Hellion x2  
  103  7:45  SCV x2  
  105  7:53  Siege Tank  
  105  7:57  SCV  
  108  7:59  Missile Turret x2  
  108  8:00  Missile Turret  
  106  8:07  Hellion x2  
  110  8:19  Planetary Fortress  
  110  8:23  SCV x2  
  110  8:25  Hellion  
  113  8:35  SCV x2  
  113  8:38  Hellion  
  113  8:39  Hellion  
  119  8:46  Siege Tank  
  119  8:47  SCV x2  
  124  8:54  Liberator x2  
  116  9:05  Hellion  
  116  9:06  Hellion  
  120  9:10  Factory Tech Lab  
  126  9:19  Hellion  
  124  9:28  Hellion x2  
  124  9:29  SCV x2  
  124  9:33  SCV  
  125  9:40  Siege Tank  
  125  9:41  SCV x2  
  125  9:45  SCV  
  129  9:49  Hellion x2  
  133  9:53  SCV x2  
  133  9:57  Armory, SCV  
  136  10:03  Liberator x2  
  136  10:05  Factory, SCV x2  
  136  10:09  SCV  
  136  10:12  Siege Tank  
  138  10:17  SCV x2  
  146  10:21  SCV  
  144  10:41  SCV x2  
  144  10:42  SCV  
  144  10:44  Hellion x2  
  144  10:45  Factory, Terran Vehicle Weapons Level 1  
  144  10:48  Supply Depot x2  
  148  10:53  SCV  
  149  11:09  Siege Tank  
  149  11:10  Hellion x3  
  149  11:11  Supply Depot  
  158  11:41  Hellion x3, Refinery  
  158  11:42  Hellion  
  135  12:02  Hellion  
  135  12:03  Hellion x3  
  139  12:10  Liberator  
  139  12:11  Liberator  
  129  12:24  Hellion x3  
  129  12:25  Hellion  
  129  12:27  Factory Tech Lab  
  143  12:32  Factory Tech Lab  
  143  12:38  Factory  
  143  12:45  Hellion x2  
  147  12:58  Hellion x2  
Tags
 
Composition
Mech
League
Platinum
Matchup
TvZ
Replay Pack
SC2 replays
Spawn Locations
Cross Positions
Add a new tag
Caveats
  • Supply blocks, unpowered buildings, or Contaminate may cause inaccurate times.
  • Supply counts are checked every 10 seconds.